[Event "Titled Tuesday Blitz March 15 Early 2022"]
[White "Shuvalova, Polina"]
[Black "Shkapenko, Pavel"]
[WhiteFideId "24171760"]
[BlackFideId "4151933"]
[WhiteElo "2355"]
[BlackElo "2386"]
[Result "1-0"]
[Round "09"]
[TimeControl "180+1"]
[Date "2022.03.15"]
[WhiteClock "0:00:09"]
[BlackClock "0:00:16"]

1. d4 Nf6 2. Nf3 e6 3. Bf4 c5 4. e3 cxd4 5. exd4 b6 6. c3 Bb7 7. Nbd2 d6 8. Bd3 a6 9. a4 Be7 10. O-O O-O 11. Qe2 Nbd7 12. Rfe1 Re8 13. h3 Bf8 14. Bh2 e5 15. dxe5 dxe5 16. Rad1 e4 17. Nxe4 Nxe4 18. Bxe4 Bxe4 19. Ne5 Bf5 20. Qf3 Nxe5 21. Qxf5 Qc8 22. Qxc8 Raxc8 23. Rxe5 Red8 24. Red5 Re8 25. Kf1 Re6 26. Bf4 h6 27. g3 Rce8 28. Be3 Kh7 29. R1d3 Kg6 30. Kg2 f6 31. g4 Rb8 32. h4 Be7 33. h5+ Kf7 34. Rd7 b5 35. a5 b4 36. Bc5 bxc3 37. bxc3 Ke8 38. Bxe7 Rxe7 39. R7d6 Ra8 40. Re3 Ra7 41. Rxe7+ Kxe7 42. Rc6 Kd7 43. Rb6 Ke8 44. f3 Rc7 45. Rxa6 Rxc3 46. Ra7 Ra3 47. Rxg7 Rxa5 48. Rg6 Kf7 49. Kg3 Ra8 50. Rxh6 Kg7 51. Rg6+ Kf7 52. Kf4 Ra4+ 53. Kg3 Ra1 54. Kf4 Ra4+ 55. Ke3 Ra3+ 56. Ke4 Ra4+ 57. Ke3 Ra3+ 58. Kf2 Ra4 59. Rh6 Kg7 60. Rg6+ Kf7 61. Kg2 Ra2+ 62. Kh3 Ra3 63. Kg3 Rb3 64. g5 fxg5 65. Rxg5 Kf6 66. Kg4 Rb4+ 67. f4 Rb1 68. Rg6+ Kf7 69. Ra6 Kg7 70. h6+ Kh7 71. Kg5 Rg1+ 72. Kf5 Rb1 73. Kf6 Kxh6 74. f5 Rb7 75. Re6 Kh5 76. Re7 Rb6+ 77. Re6 Rb7 78. Rd6 Kg4 79. Kg6 Rb5 80. Rd4+ Kf3 81. f6 Ke3 82. Ra4 Rb6 83. Kg7 Kd3 84. f7 Rb7 85. Kg8 1-0


[Site "https://www.chess.com"]

[Event "Titled Tuesday Blitz March 15 Early 2022"]
[White "Skliarov, Viktor"]
[Black "Demin, Vladimir"]
[WhiteFideId "14106736"]
[BlackFideId "4167457"]
[WhiteElo "2229"]
[BlackElo "2499"]
[Result "1-0"]
[Round "09"]
[TimeControl "180+1"]
[Date "2022.03.15"]
[WhiteClock "0:00:11"]
[BlackClock "0:00:06"]

1. e4 e5 2. Nc3 Nf6 3. Bc4 Nc6 4. d3 Na5 5. Nge2 Nxc4 6. dxc4 Bc5 7. O-O d6 8. Ng3 a6 9. Qd3 h6 10. a3 O-O 11. b4 Ba7 12. h3 Be6 13. Nd5 c6 14. Nxf6+ Qxf6 15. Qxd6 Rfd8 16. Qc7 Bxc4 17. Be3 Bxe3 18. fxe3 Bxf1 19. Rxf1 Qe6 20. Qxb7 a5 21. Nf5 axb4 22. Ne7+ Kh8 23. Nxc6 Rf8 24. axb4 Ra2 25. Rf2 Ra3 26. Qe7 Qxe7 27. Nxe7 Kh7 28. Nd5 f6 29. c4 Ra1+ 30. Kh2 Rc1 31. c5 Ra8 32. h4 Kg6 33. Kg3 Raa1 34. Rb2 Rc4 35. c6 Kf7 36. c7 Ra7 37. b5 Raxc7 38. Nxc7 Rxc7 39. b6 Rb7 40. h5 g6 41. hxg6+ Kxg6 42. Kg4 h5+ 43. Kh4 Kh6 44. Rb5 Kg6 45. Kg3 Kg5 46. Kf3 h4 47. Rb1 Kh5 48. Rb2 Kg5 49. Ke2 Kg4 50. Kd3 Kg3 51. Kc4 Rxb6 52. Rxb6 Kxg2 53. Rxf6 h3 54. Rh6 h2 55. Kd5 h1=Q 56. Rxh1 Kxh1 57. Kxe5 1-0


[Site "https://www.chess.com"]

[Event "Titled Tuesday Blitz March 15 Early 2022"]
[White "Slugin, Sergey"]
[Black "Ilyasli, Ughur"]
[WhiteFideId "4122569"]
[BlackFideId "13416197"]
[WhiteElo "2516"]
[BlackElo "2388"]
[Result "0-1"]
[Round "09"]
[TimeControl "180+1"]
[Date "2022.03.15"]
[WhiteClock "0:00:04"]
[BlackClock "0:00:05"]

1. c4 Nf6 2. Nf3 g6 3. g3 Bg7 4. Bg2 b6 5. O-O Bb7 6. Nc3 c5 7. b3 d5 8. cxd5 Nxd5 9. Bb2 Nxc3 10. Bxc3 Bxc3 11. dxc3 Qxd1 12. Rfxd1 Nd7 13. a4 a5 14. Nd2 Bxg2 15. Kxg2 O-O-O 16. Nc4 Kc7 17. Rd5 Nf6 18. Re5 e6 19. b4 axb4 20. cxb4 Rd4 21. Rc1 Nd7 22. Re3 Ra8 23. a5 bxa5 24. bxa5 Kc6 25. Rb3 Rb8 26. Ne5+ Kc7 27. Rxb8 Nxb8 28. Nxf7 Kc6 29. Ne5+ Kd5 30. Nd3 Na6 31. Rb1 Ra4 32. Nf4+ Ke5 33. Rb6 Rxa5 34. Rxe6+ Kd4 35. e3+ Kc3 36. Re7 c4 37. Rxh7 Kd2 38. Rd7+ Kc2 39. Nxg6 c3 40. Nf4 Nc5 41. Rd5 Kb2 42. Rxc5 Rxc5 43. Nd3+ Kb3 44. Nxc5+ Kc4 45. Ne4 c2 46. Nd2+ Kc3 47. Nf3 c1=Q 48. h4 Kd3 49. Ng5 Qc6+ 50. Kg1 Qc1+ 51. Kg2 Ke2 52. Nh3 Qf1+ 53. Kh2 Qb1 54. Kg2 Qe4+ 55. Kg1 Qf5 56. Nf4+ Kf3 57. Ng2 Qb1+ 58. Kh2 Kxf2 59. Nf4 Qg1+ 60. Kh3 Qh1+ 0-1


[Site "https://www.chess.com"]

[Event "Titled Tuesday Blitz March 15 Early 2022"]
[White "Srihari L R"]
[Black "Agrest, Evgenij"]
[WhiteFideId "46617116"]
[BlackFideId "1705024"]
[WhiteElo "2121"]
[BlackElo "2574"]
[Result "1-0"]
[Round "09"]
[TimeControl "180+1"]
[Date "2022.03.15"]
[WhiteClock "0:00:19"]
[BlackClock "0:00:04"]

1. c4 e5 2. Nc3 d6 3. g3 f5 4. Bg2 Nf6 5. e3 g6 6. Nge2 Bg7 7. d4 O-O 8. O-O Na6 9. b3 Kh8 10. Ba3 Re8 11. dxe5 dxe5 12. Qxd8 Rxd8 13. Rfd1 Re8 14. Nd5 Ng8 15. Ne7 Nxe7 16. Bxe7 c6 17. Bd6 Be6 18. Rd2 Kg8 19. Rad1 Rac8 20. Nc1 e4 21. Ne2 b5 22. cxb5 cxb5 23. Nf4 Bf7 24. Bf1 Nc7 25. Bxc7 Rxc7 26. Bxb5 Rf8 27. Rd7 Rc2 28. Rxa7 g5 29. Nd5 Bh5 30. Re1 Kh8 31. Bf1 Rc5 32. Nc7 Bf7 33. Bc4 Bc3 34. Rc1 Be5 35. Na6 Rcc8 36. Nb4 Bh5 37. Nd5 Bf3 38. Re7 Bg7 39. a4 Rfd8 40. Re1 h5 41. h3 Rc5 42. Nc7 Bf6 43. Rf7 Rc6 44. Ne6 Rd2 45. Rxf6 Rcd6 46. Rf8+ Kh7 47. Nxg5+ Kg7 48. Rxf5 Rd1 49. Rf1 Rxf1+ 50. Bxf1 Kg6 51. Rxf3 exf3 52. Nxf3 Rd1 53. Nd4 Kf6 54. Kg2 Ke7 55. a5 Kd6 56. a6 Kc7 57. Bc4 Kb6 58. Ne2 Ra1 59. Nf4 Rb1 60. Nxh5 Ra1 61. g4 Rb1 62. g5 Rd1 63. g6 Rd6 64. Nf4 Rf6 65. g7 Rxf4 66. exf4 1-0


[Site "https://www.chess.com"]

[Event "Titled Tuesday Blitz March 15 Early 2022"]
[White "Tabatabaei, M. Amin"]
[Black "Nakamura, Hikaru"]
[WhiteFideId "12521213"]
[BlackFideId "2016192"]
[WhiteElo "2544"]
[BlackElo "2850"]
[Result "0-1"]
[Round "09"]
[TimeControl "180+1"]
[Date "2022.03.15"]
[WhiteClock "0:00:01"]
[BlackClock "0:00:14"]

1. d4 f5 2. g3 Nf6 3. Bg2 g6 4. Nf3 Bg7 5. O-O O-O 6. b3 d6 7. Bb2 c6 8. Nbd2 a5 9. a4 Na6 10. e3 Kh8 11. Qe2 Be6 12. Rfe1 Bg8 13. e4 Nb4 14. e5 Ne4 15. Rac1 Na2 16. Ra1 Nb4 17. Nf1 b5 18. h4 Rb8 19. Ne3 h6 20. h5 g5 21. Nxf5 Rxf5 22. Qxe4 Bh7 23. Qe2 Rf7 24. Rec1 Qc8 25. Nh2 d5 26. axb5 cxb5 27. Rxa5 e6 28. Rxb5 Rxb5 29. Qxb5 Na2 30. Ra1 Qxc2 31. Rxa2 Qb1+ 32. Nf1 Qxa2 33. Qe2 Qxb3 34. Bc1 Qc2 35. Qxc2 Bxc2 36. Ne3 Bd3 37. Bh3 Re7 38. Ba3 Re8 39. f4 gxf4 40. gxf4 Bf8 41. Bxf8 Rxf8 42. Bxe6 Rxf4 43. Bxd5 Rxd4 44. Bf3 Rf4 45. Kg2 Rf8 46. Kg3 Kg7 47. Ng4 Bf5 48. Be2 Rb8 49. Kf4 Be6 50. Bf3 Rb4+ 51. Kg3 Rb3 52. Kf4 Rb4+ 53. Kg3 Ra4 54. Nf6 Rd4 55. Ne8+ Kf7 56. Nf6 Bf5 57. Ng4 Kg7 58. Ne3 Bd7 59. Ng4 Be8 60. Nf6 Bf7 61. Bg4 Rb4 62. Bf3 Kf8 63. Be2 Ke7 64. Bg4 Ra4 65. Bh3 Ra3+ 66. Kh4 Ra5 67. Ng4 Ra4 68. Kg3 Be6 69. Nf2 Ra3+ 70. Kh4 Bxh3 71. Nxh3 Ke6 72. Nf2 Kf5 73. e6 Re3 74. e7 Rxe7 75. Nh3 Re4+ 76. Kg3 Rg4+ 77. Kf3 Ra4 78. Kg3 Rg4+ 79. Kf3 Rh4 80. Kg3 Rxh5 81. Nf4 Rg5+ 82. Kf3 Rg8 83. Ng2 Rb8 84. Kg3 Kg5 85. Kh2 Rb3 86. Ne1 Kg4 87. Kg2 h5 88. Kf2 h4 0-1


[Site "https://www.chess.com"]

[Event "Titled Tuesday Blitz March 15 Early 2022"]
[White "Tanenbaum, Zachary"]
[Black "Demchenko, Anton"]
[WhiteFideId "2060850"]
[BlackFideId "4160258"]
[WhiteElo "2168"]
[BlackElo "2539"]
[Result "0-1"]
[Round "09"]
[TimeControl "180+1"]
[Date "2022.03.15"]
[WhiteClock "0:00:04"]
[BlackClock "0:00:11"]

1. e4 e5 2. Nf3 Nc6 3. Bc4 Nf6 4. d3 h6 5. Nbd2 d6 6. a4 g6 7. Nf1 Bg7 8. Ne3 O-O 9. h3 Be6 10. Bxe6 fxe6 11. Ng4 Kh7 12. Qd2 Ng8 13. O-O Rxf3 14. gxf3 Qh4 15. Kg2 Rf8 16. c3 g5 17. Qd1 Nce7 18. d4 Ng6 19. dxe5 Qh5 20. f4 gxf4 21. f3 Nxe5 22. Nxe5 Bxe5 23. Kh2 Nf6 24. Rg1 Kh8 25. Qe2 Nh7 26. Rg4 Nf6 27. Rg1 a6 28. Bd2 Qf7 29. Qf2 Qh5 30. Rg2 Nxe4 31. fxe4 f3+ 32. Kg1 Qxh3 33. Rg6 Rg8 34. Rxg8+ Kxg8 35. Rf1 Bg3 36. Bf4 Bxf2+ 37. Rxf2 Qg4+ 38. Kh2 Qxf4+ 39. Kh3 0-1


[Site "https://www.chess.com"]

[Event "Titled Tuesday Blitz March 15 Early 2022"]
[White "Tasev, Dejan"]
[Black "Foisor, Sabina-Francesca"]
[WhiteFideId "936618"]
[BlackFideId "1212915"]
[WhiteElo "2253"]
[BlackElo "2243"]
[Result "1-0"]
[Round "09"]
[TimeControl "180+1"]
[Date "2022.03.15"]
[WhiteClock "0:00:51"]
[BlackClock "0:00:30"]

1. e4 c6 2. d4 g6 3. Nc3 d5 4. Nf3 Bg7 5. Be3 dxe4 6. Nxe4 Nf6 7. Nxf6+ exf6 8. Bc4 O-O 9. Bb3 Nd7 10. O-O Nb6 11. h3 Bf5 12. Bf4 Be4 13. Re1 Bd5 14. c3 Bxb3 15. axb3 Re8 16. Qd3 Nd5 17. Bg3 Qb6 18. b4 h5 19. Nd2 f5 20. Nc4 Qd8 21. Be5 Qg5 22. Bxg7 Kxg7 23. Qf3 h4 24. Nd6 Rxe1+ 25. Rxe1 b6 26. b5 Rd8 27. Nb7 Rc8 28. bxc6 Nf4 29. Nd6 Rc7 30. Ne8+ Kh7 31. Nxc7 a5 32. Nd5 Ne6 33. c7 1-0


[Site "https://www.chess.com"]

[Event "Titled Tuesday Blitz March 15 Early 2022"]
[White "Tay, Junior"]
[Black "Marson, Juan Miguel"]
[WhiteFideId "5800439"]
[BlackFideId "106585"]
[WhiteElo "2216"]
[BlackElo "2053"]
[Result "1-0"]
[Round "09"]
[TimeControl "180+1"]
[Date "2022.03.15"]
[WhiteClock "0:01:32"]
[BlackClock "0:00:04"]

1. e4 e5 2. Nc3 Nf6 3. Bc4 Nc6 4. d3 Be7 5. f4 d6 6. Nf3 Bg4 7. O-O Bxf3 8. Qxf3 Nd4 9. Qf2 a6 10. a4 h5 11. Nd5 Ng4 12. Qd2 c6 13. Nc3 b5 14. axb5 axb5 15. Rxa8 Qxa8 16. Bb3 Qa7 17. Kh1 O-O 18. fxe5 Nxb3 19. cxb3 Nxe5 20. d4 Ng4 21. h3 Nh6 22. Qd1 b4 23. Ne2 h4 24. Bxh6 gxh6 25. Nf4 Bg5 26. Nh5 Qe7 27. Qf3 Re8 28. Re1 Kh7 29. Qf5+ Kg8 30. e5 Qe6 31. Qf3 dxe5 32. Rxe5 Qd7 33. Qe4 Rxe5 34. Qxe5 Qe7 35. Qg7# 1-0


[Site "https://www.chess.com"]

[Event "Titled Tuesday Blitz March 15 Early 2022"]
[White "Thomas, Anysia"]
[Black "Omariev, Maksim"]
[WhiteFideId "670472"]
[BlackFideId "4193423"]
[WhiteElo "2002"]
[BlackElo "2455"]
[Result "0-1"]
[Round "09"]
[TimeControl "180+1"]
[Date "2022.03.15"]
[WhiteClock "0:00:04"]
[BlackClock "0:00:11"]

1. d4 h5 2. Nc3 h4 3. e4 c6 4. Be3 d5 5. exd5 cxd5 6. Bb5+ Nc6 7. Qd3 h3 8. gxh3 Nf6 9. Nf3 Bxh3 10. Ne5 Rc8 11. O-O-O e6 12. Bg5 Be7 13. Rhg1 Kf8 14. Nxc6 bxc6 15. Ba6 Rb8 16. Bf4 Rb6 17. Qg3 Nh5 18. Qxh3 Rxa6 19. Rde1 Kg8 20. Qg4 Rh7 21. Be5 Bf6 22. Re3 Bxe5 23. Rxe5 Nf6 24. Qg3 Qb8 25. Qg5 Nd7 26. Re3 Qxh2 27. Reg3 g6 28. Qd8+ Nf8 29. Qf6 Qh6+ 30. Kb1 Qg7 31. Qe7 Qxd4 32. Ne2 Qxf2 33. Nc3 Rb6 34. Qa3 Rh2 35. Ka1 Qxc2 36. Rb1 Kg7 37. Rgg1 Rd2 38. Rgc1 Qd3 39. Na4 Qxa3 40. bxa3 Rxb1+ 41. Rxb1 d4 42. Nc5 e5 43. Ne4 Re2 44. Nc5 Ne6 45. Nd7 d3 46. Rd1 e4 47. Ne5 f5 48. Kb1 c5 49. Nc4 Nd4 50. a4 f4 51. a5 f3 52. a6 f2 53. Nd2 Rxd2 54. Rxd2 f1=Q+ 55. Kb2 Qe1 0-1


[Site "https://www.chess.com"]

[Event "Titled Tuesday Blitz March 15 Early 2022"]
[White "Tsatsalashvili, Keti"]
[Black "Weishaeutel, Moritz"]
[WhiteFideId "13603434"]
[BlackFideId "12967300"]
[WhiteElo "2246"]
[BlackElo "2002"]
[Result "0-1"]
[Round "09"]
[TimeControl "180+1"]
[Date "2022.03.15"]
[WhiteClock "0:00:03"]
[BlackClock "0:00:48"]

1. d4 Nf6 2. Nf3 d5 3. c4 e6 4. Nc3 Be7 5. Bg5 O-O 6. e3 Nbd7 7. Rc1 dxc4 8. Bxc4 a6 9. a4 b6 10. O-O Bb7 11. Qe2 c5 12. Rfd1 Nd5 13. Bxe7 Qxe7 14. e4 Nxc3 15. bxc3 Nf6 16. Bd3 Rfd8 17. h4 Rac8 18. e5 Nd5 19. Bxh7+ Kxh7 20. Ng5+ Kg8 21. Qh5 Qd7 22. Qh7+ Kf8 23. Qh8+ Ke7 24. Qxg7 Rf8 25. dxc5 Qe8 26. c4 Rg8 27. Qh7 Nf4 28. Rd2 Rh8 29. Qg7 Nh5 30. Qxf7+ Qxf7 31. Nxf7 Rhg8 32. f3 Rxc5 33. Nd6 Bxf3 34. Rf2 Rxe5 35. Rxf3 Kxd6 36. Rd1+ Ke7 37. Rfd3 Nf4 38. Rd7+ Kf6 39. Rf1 Rf5 0-1


[Site "https://www.chess.com"]

[Event "Titled Tuesday Blitz March 15 Early 2022"]
[White "Urazayev, Arystanbek"]
[Black "Xie, Bryan"]
[WhiteFideId "13709810"]
[BlackFideId "30941296"]
[WhiteElo "2393"]
[BlackElo "1899"]
[Result "1-0"]
[Round "09"]
[TimeControl "180+1"]
[Date "2022.03.15"]
[WhiteClock "0:02:40"]
[BlackClock "0:01:29"]

1. d4 Nf6 2. c4 e6 3. Nc3 Bb4 4. Nf3 O-O 5. Bg5 b6 6. e4 h6 7. Bh4 g5 8. Nxg5 hxg5 9. Bxg5 Be7 10. e5 Nh7 11. h4 Bb7 12. Bd3 Re8 13. Qh5 Nf8 14. Rh3 Bxg5 15. hxg5 Ng6 16. Bxg6 fxg6 17. Qh8+ Kf7 18. Rh7# 1-0


[Site "https://www.chess.com"]

[Event "Titled Tuesday Blitz March 15 Early 2022"]
[White "Van den Dikkenberg, Erik"]
[Black "Sarkar, Justin"]
[WhiteFideId "1005880"]
[BlackFideId "2010011"]
[WhiteElo "2118"]
[BlackElo "2038"]
[Result "1-0"]
[Round "09"]
[TimeControl "180+1"]
[Date "2022.03.15"]
[WhiteClock "0:01:14"]
[BlackClock "0:00:01"]

1. e4 e5 2. Nf3 Nc6 3. d4 exd4 4. Nxd4 Nf6 5. Nxc6 bxc6 6. e5 Qe7 7. Qe2 Nd5 8. h4 Rb8 9. c4 Nb6 10. b3 d6 11. exd6 Qxe2+ 12. Bxe2 cxd6 13. Nc3 Be7 14. Bg5 h6 15. Bxe7 Kxe7 16. O-O-O Be6 17. Bf3 Rbc8 18. Kb2 Rhd8 19. Rhe1 Kf8 20. Ne4 d5 21. Nc5 dxc4 22. Nxe6+ fxe6 23. Rxd8+ Rxd8 24. Rxe6 Rd2+ 25. Kc3 Rxa2 26. bxc4 Rxf2 27. Rxc6 Nd7 28. Rc7 Ne5 29. Bd5 Rf1 30. Rxa7 Rc1+ 31. Kd4 Ng4 32. Rf7+ Ke8 33. Rxg7 Nf6 34. Rg6 1-0


[Site "https://www.chess.com"]

[Event "Titled Tuesday Blitz March 15 Early 2022"]
[White "Vlassov, Nikolai"]
[Black "Wong, Yinn Long"]
[WhiteFideId "4103360"]
[BlackFideId "5707684"]
[WhiteElo "2407"]
[BlackElo "2055"]
[Result "0-1"]
[Round "09"]
[TimeControl "180+1"]
[Date "2022.03.15"]
[WhiteClock "0:01:36"]
[BlackClock "0:00:52"]

1. e4 e6 2. d4 d5 3. exd5 exd5 4. Nf3 Nc6 5. Bd3 Bd6 6. O-O Nge7 7. Re1 Bg4 8. c3 Qd7 9. Nbd2 O-O-O 10. b4 Rde8 11. b5 Nd8 12. Qa4 Kb8 13. Ne5 Bxe5 14. dxe5 Ng6 15. f4 f6 16. Nb3 fxe5 17. Bxg6 hxg6 18. fxe5 Qf5 19. Bf4 Ne6 20. Bg3 Qd3 21. Rac1 Qc4 22. Qxc4 dxc4 23. Na5 Nc5 24. Re3 Be6 25. Rd1 Kc8 26. Re4 Nxe4 0-1


[Site "https://www.chess.com"]

[Event "Titled Tuesday Blitz March 15 Early 2022"]
[White "Weetik, Vjacheslav"]
[Black "Koridze, Lile"]
[WhiteFideId "4153472"]
[BlackFideId "13612514"]
[WhiteElo "2469"]
[BlackElo "1999"]
[Result "0-1"]
[Round "09"]
[TimeControl "180+1"]
[Date "2022.03.15"]
[WhiteClock "0:00:03"]
[BlackClock "0:00:15"]

1. d4 Nf6 2. Nf3 d5 3. c4 e6 4. Nc3 Bb4 5. Qa4+ Nc6 6. Bg5 O-O 7. e3 h6 8. Bxf6 Qxf6 9. cxd5 exd5 10. Be2 Be6 11. O-O Bd6 12. Nb5 Rfd8 13. Rac1 Bg4 14. Nxd6 Rxd6 15. Rc5 Qe7 16. Rfc1 Rad8 17. b4 a6 18. b5 axb5 19. Qxb5 Bc8 20. Ne5 Nxe5 21. dxe5 Qxe5 22. Rxc7 Bf5 23. Rxb7 Rg6 24. Bf3 Be4 25. Qe2 d4 26. exd4 Rxd4 27. Re1 Re6 28. Rb2 Bxf3 29. Qxe5 Rxe5 30. Rc1 Rd1+ 31. Rxd1 Bxd1 32. h3 Ra5 33. Rd2 Ba4 34. Kh2 Kf8 35. Rb2 Ke7 36. Rb7+ Bd7 37. Rb2 Be6 38. g4 Rxa2 39. Rb7+ Kf6 40. Kg3 Ra3+ 41. Kh2 Rf3 42. Kg2 Bd5 43. Rb6+ Ke5 44. Rb5 Rb3+ 0-1


[Site "https://www.chess.com"]

[Event "Titled Tuesday Blitz March 15 Early 2022"]
[White "Winkels, Marcel"]
[Black "Quirke, Jeffrey"]
[WhiteFideId "1003887"]
[BlackFideId "2013029"]
[WhiteElo "1900"]
[BlackElo "2242"]
[Result "1-0"]
[Round "09"]
[TimeControl "180+1"]
[Date "2022.03.15"]
[WhiteClock "0:02:45"]
[BlackClock "0:02:16"]

1. e4 c5 2. Nf3 e6 3. d4 cxd4 4. Nxd4 a6 5. g3 b5 6. Bg2 Bb7 7. O-O Nf6 8. Re1 d6 9. Nc3 Qc7 10. a4 b4 11. Nd5 exd5 12. exd5+ Kd8 13. Bg5 Nd7 14. Nc6+ Bxc6 15. dxc6 Ne5 16. Rxe5 1-0


[Site "https://www.chess.com"]

[Event "Titled Tuesday Blitz March 15 Early 2022"]
[White "Xiong, Jeffery"]
[Black "Xu, Yi"]
[WhiteFideId "2047640"]
[BlackFideId "8605564"]
[WhiteElo "2727"]
[BlackElo "2471"]
[Result "0-1"]
[Round "09"]
[TimeControl "180+1"]
[Date "2022.03.15"]
[WhiteClock "0:00:49"]
[BlackClock "0:00:32"]

1. d4 Nf6 2. c4 e6 3. Nc3 Bb4 4. Nf3 d5 5. Qa4+ Nc6 6. Bd2 O-O 7. a3 Bxc3 8. Bxc3 Ne4 9. Qc2 f5 10. e3 Bd7 11. b4 a6 12. Bd3 Be8 13. Bb2 Bh5 14. Ne5 Nxe5 15. dxe5 Ng5 16. cxd5 Qxd5 17. f4 Ne4 18. Bd4 c6 19. Rg1 b5 20. g4 Bg6 21. Rc1 Rac8 22. Bxe4 fxe4 23. Kf2 Rxf4+ 24. Kg3 Rf3+ 25. Kg2 Qd8 26. Kh1 Qh4 27. Rg2 Rcf8 28. Qxc6 Rf1+ 29. Rg1 R1f2 0-1


[Site "https://www.chess.com"]

[Event "Titled Tuesday Blitz March 15 Early 2022"]
[White "Yang, Kaiqi"]
[Black "Horcajuelo Rocamora, Martin"]
[WhiteFideId "8604398"]
[BlackFideId "24573027"]
[WhiteElo "2373"]
[BlackElo "1706"]
[Result "0-1"]
[Round "09"]
[TimeControl "180+1"]
[Date "2022.03.15"]
[WhiteClock "0:00:02"]
[BlackClock "0:01:00"]

1. e4 e5 2. Nf3 Nc6 3. d4 exd4 4. Bc4 Nf6 5. e5 d5 6. Bb5 Ne4 7. Nxd4 Bd7 8. Bxc6 bxc6 9. O-O Bc5 10. Be3 Qb8 11. Nc3 Nxc3 12. bxc3 Qb6 13. Rb1 Qa6 14. Qd2 O-O 15. Nb3 Bxe3 16. Qxe3 Bf5 17. Nd4 Bg6 18. f4 c5 19. Nb3 Qxa2 20. f5 Bh5 21. Nxc5 Qxc2 22. Rbc1 Qe2 23. Qg3 Qg4 24. Qd3 c6 25. Rf2 Rae8 26. Nd7 g6 27. h3 Qg5 28. Re1 Kg7 29. Nxf8 Rxf8 30. g4 Rh8 31. Rg2 Qh4 32. gxh5 Qxe1+ 33. Kh2 Qxe5+ 34. Kh1 Rb8 0-1


[Site "https://www.chess.com"]

[Event "Titled Tuesday Blitz March 15 Early 2022"]
[White "Yedidia, Daniel"]
[Black "Goryachkina, Aleksandra"]
[WhiteFideId "30905907"]
[BlackFideId "4147103"]
[WhiteElo "2489"]
[BlackElo "2426"]
[Result "1/2-1/2"]
[Round "09"]
[TimeControl "180+1"]
[Date "2022.03.15"]
[WhiteClock "0:00:11"]
[BlackClock "0:00:01"]

1. d4 f6 2. e4 e6 3. Nf3 d5 4. Bd3 Ne7 5. O-O Ng6 6. Re1 Be7 7. Qe2 c6 8. h4 O-O 9. exd5 cxd5 10. h5 Nh8 11. h6 g6 12. c4 Nc6 13. Nc3 Nf7 14. a3 dxc4 15. Bxc4 Nxd4 16. Nxd4 Qxd4 17. Bxe6 Bxe6 18. Qxe6 Bd6 19. Be3 Qh4 20. Ne4 Be5 21. g3 Qxe4 22. Bc5 Qc6 23. Qxc6 bxc6 24. Bxf8 Kxf8 25. Rac1 Rc8 26. Rc2 Nxh6 27. f4 Bd4+ 28. Kg2 Nf5 29. Kf3 Bb6 30. Rc4 Kf7 31. Rd1 Rd8 32. Rxd8 Bxd8 33. g4 Ne7 34. Ra4 Bb6 35. Ke4 f5+ 36. Kf3 fxg4+ 37. Kxg4 Kf6 38. Re4 h5+ 39. Kf3 Nf5 40. Re8 Nd4+ 41. Ke4 h4 42. Rh8 g5 43. Rh6+ Kg7 44. fxg5 c5 45. Rxh4 Kg6 46. Rg4 Nb3 47. Rg2 c4 48. Kd5 Na5 49. Ke4 Nb7 50. Kf3 Nd6 51. Kg4 Nf7 52. Rd2 Ne5+ 53. Kf4 Nd3+ 54. Kg4 Ne5+ 55. Kf4 Nd3+ 56. Kg4 Be3 57. Re2 Bxg5 58. Re6+ Bf6 59. Ra6 Nxb2 60. Rxa7 c3 61. Rc7 Na4 62. Kf3 Kf5 63. Ke3 Nb2 64. Rc5+ Be5 65. Rc6 Na4 66. Rc4 Nb2 67. Rc6 Kg5 68. Rc5 Kf6 69. Rc6+ Ke7 70. Ke4 Bf6 71. Kd5 Nd3 72. Ke4 Nf2+ 73. Kd5 Nd1 74. Rc7+ Kd8 75. Rc6 Bg7 76. Ke6 Ne3 77. Rc5 c2 78. a4 Bb2 79. a5 c1=Q 80. Rxc1 Bxc1 81. Kd6 Kc8 82. Kc6 Kb8 83. Kb6 Ka8 84. Ka6 Nf5 85. Kb5 Bd2 86. a6 Be1 87. Kb6 Bf2+ 88. Kc6 Ka7 89. Kb5 Bg1 90. Kc6 Kxa6 91. Kd5 Kb5 92. Ke5 Nd4 93. Kd5 Nb3 94. Ke5 Kc5 95. Ke4 Nd4 96. Kd3 Kd5 97. Kd2 1/2-1/2


[Site "https://www.chess.com"]

[Event "Titled Tuesday Blitz March 15 Early 2022"]
[White "Zheenbekov, Nurgazy"]
[Black "volunteers1998"]
[WhiteFideId "13800485"]
[WhiteElo "1959"]
[BlackElo "2269"]
[Result "1-0"]
[Round "09"]
[TimeControl "180+1"]
[Date "2022.03.15"]
[WhiteClock "0:01:05"]
[BlackClock "0:00:57"]

1. e4 c5 2. Nf3 Nc6 3. Bb5 d6 4. O-O Bd7 5. Re1 Nf6 6. c3 a6 7. Bf1 g6 8. d4 cxd4 9. cxd4 Bg7 10. Nc3 O-O 11. h3 b5 12. e5 dxe5 13. dxe5 Ne8 14. Bf4 Nc7 15. Qd2 Bf5 16. Qc1 Ne6 17. Bh6 Nc5 18. Bxg7 Kxg7 19. Nxb5 axb5 20. Qxc5 Rc8 21. Qxb5 Nd4 22. Nxd4 Qxd4 23. Rad1 Qc5 24. Qxc5 Rxc5 25. b4 Rc2 26. a4 Rb8 27. b5 Ra2 28. Ra1 Rb2 29. a5 Bd7 30. Reb1 Rxb1 31. Rxb1 Bf5 32. Ra1 Kf8 33. a6 Be4 34. f3 Ba8 35. Bd3 Ke8 36. Be4 Bxe4 37. fxe4 Kd7 38. b6 Kc6 39. b7 Kc7 40. a7 1-0


[Site "https://www.chess.com"]

[Event "Titled Tuesday Blitz March 15 Early 2022"]
[White "Zhigalko, Sergei"]
[Black "Chen, Qi b"]
[WhiteFideId "13502956"]
[BlackFideId "8614733"]
[WhiteElo "2662"]
[BlackElo "2432"]
[Result "0-1"]
[Round "09"]
[TimeControl "180+1"]
[Date "2022.03.15"]
[WhiteClock "0:00:02"]
[BlackClock "0:00:17"]

1. e4 e5 2. Nf3 Nc6 3. Bc4 Nf6 4. d3 h6 5. O-O d6 6. c3 g6 7. a4 Bg7 8. Re1 O-O 9. Nbd2 a5 10. Ba2 Kh7 11. Nf1 Be6 12. Bxe6 fxe6 13. Ng3 Qe7 14. h3 Nd7 15. Be3 Rf7 16. Qe2 Raf8 17. Rad1 d5 18. Kh2 d4 19. Bc1 Nc5 20. Qc2 Qd6 21. Kg1 b6 22. Re2 Rxf3 23. gxf3 Rxf3 24. Kg2 Rf7 25. f3 Ne7 26. cxd4 exd4 27. f4 e5 28. Qc4 Rf8 29. f5 gxf5 30. exf5 Nxf5 31. Rf1 Nh4+ 32. Kg1 e4 33. Nxe4 Nxe4 34. dxe4 Qg3+ 0-1


[Site "https://www.chess.com"]

[Event "Titled Tuesday Blitz March 15 Early 2022"]
[White "Agrest, Evgenij"]
[Black "Jaskolka, Tomasz"]
[WhiteFideId "1705024"]
[BlackFideId "1170791"]
[WhiteElo "2574"]
[BlackElo "2073"]
[Result "0-1"]
[Round "10"]
[TimeControl "180+1"]
[Date "2022.03.15"]
[WhiteClock "0:00:07"]
[BlackClock "0:00:08"]

1. Nf3 Nf6 2. c4 c5 3. Nc3 Nc6 4. d4 cxd4 5. Nxd4 d5 6. cxd5 Nxd5 7. Nxc6 bxc6 8. Bd2 e6 9. e4 Nf6 10. Be2 e5 11. O-O Be6 12. Be3 Be7 13. Qa4 Qc7 14. Rac1 O-O 15. h3 Rfd8 16. b3 Qb7 17. Ba6 Qb4 18. f3 c5 19. Qxb4 cxb4 20. Na4 Bc8 21. Bxc8 Rdxc8 22. Rfd1 Rxc1 23. Rxc1 Ne8 24. Rc6 a5 25. Nb6 Rd8 26. Nd5 Bf8 27. Ra6 Nf6 28. Nxf6+ gxf6 29. Rxa5 Rd1+ 30. Kf2 Ra1 31. Ke2 Kg7 32. Kf2 Kg6 33. Ra6 Bg7 34. g4 h5 35. g5 h4 36. gxf6 Bxf6 37. f4 Kg7 38. f5 Rh1 39. Kg2 Re1 40. Kf3 Rh1 41. Kg4 Re1 42. Bg5 Rg1+ 43. Kf3 Bxg5 44. a4 Rg3+ 45. Kf2 Rxh3 46. a5 Rxb3 47. Ra8 Ra3 48. a6 b3 49. Rb8 Rxa6 50. Rxb3 Ra4 51. Kf3 Ra2 52. Kg4 f6 53. Kh5 Kf7 54. Rb7+ Ke8 55. Kg6 h3 56. Rh7 h2 57. Kg7 Kd8 58. Kg6 Ke8 59. Rh8+ Ke7 60. Rh3 Kd6 61. Kf7 Kc5 62. Ke6 Kd4 63. Kf7 Kxe4 64. Kg6 Kf4 65. Rh5 Kg4 66. Rh7 Bh4 67. Rb7 h1=Q 68. Rb4+ Kf3 69. Rb3+ Ke4 70. Rb4+ Kd5 71. Rg4 Qh3 72. Rg1 Rg2+ 73. Rxg2 Qxg2+ 74. Kh7 Qg5 75. Kh8 Kd6 76. Kh7 Ke7 77. Kh8 Kf7 78. Kh7 Qg7# 0-1


[Site "https://www.chess.com"]